AoeStats
← RefreshingH2O

Arena

507443130Analyzed
3v3 RM · 16d ago on Sep 18, 2026· 42m 20s· 6 players
Game mode
Random Map
Map size
Normal (6 player)
Population
200
Speed
Normal
Resources
Standard
Victory
Conquest
Starting age
Dark Age
Ending age
Imperial Age
RankedLock teamsTeams togetherTeam positionsShared explorationLock speedFull tech treeHidden civsTurbo modeCheats
Victory
Defeat
🇬🇧 Japanese · United Kingdom
877
+9
🇦🇷 Wei · Argentina
796
+12
🇪🇸 Franks · Spain
699
+17
🇳🇿 Persians · New Zealand
719
-13
🇳🇿 Romans · New Zealand
717
-13
🇳🇿 Chinese · New Zealand
711
-12
咚咚帕
5:34 Loom
10:31 Feudal Age
10:58 Double-Bit Axe
12:01 Horse Collar
17:17 Castle Age
16:38 Gold Mining
18:49 Bow Saw
22:08 Heavy Plow
28:14 Imperial Age
26:54 Stone Mining
27:42 Gold Shaft Mining
28:26 Husbandry
28:37 Bloodlines
32:57 Parthian Tactics
32:38 Thumb Ring
33:03 Fletching
33:26 Forging
34:54 Stone Shaft Mining
34:54 Ballistics
35:35 Chemistry
34:42 Scale Barding Armor
35:13 Iron Casting
34:34 Bodkin Arrow
35:55 Heavy Hei Guang Cavalry
38:59 Wheelbarrow
38:10 Town Watch
42:47 Conscription
43:00 Ming Guang Armor
j.santosddd
9:42 Feudal Age
10:11 Double-Bit Axe
19:31 Castle Age
19:08 Stone Mining
19:10 Gold Mining
19:50 Scale Barding Armor
19:56 Forging
20:46 Bow Saw
25:02 Caravan
30:34 Chain Barding Armor
30:50 Iron Casting
30:56 Husbandry
33:51 Wheelbarrow
35:20 Scale Mail Armor
35:48 Ballistics
40:22 Fortified Wall
40:24 Masonry
41:00 Chain Mail Armor
Paul Chuckle
0:29 Loom
10:08 Feudal Age
10:40 Horse Collar
10:48 Double-Bit Axe
18:04 Stone Mining
20:34 Castle Age
18:29 Gold Mining
20:20 Fletching
20:51 Forging
21:22 Heavy Plow
23:44 Bow Saw
24:35 Treadmill Crane
25:40 Wheelbarrow
26:44 Wheelbarrow
28:16 Pikeman
34:46 Imperial Age
32:05 Town Watch
32:47 Squires
32:51 Padded Archer Armor
32:58 Scale Barding Armor
33:14 Guard Tower
33:36 Masonry
34:26 Ballistics
34:25 Hand Cart
34:58 Gold Shaft Mining
34:55 Yasama
36:03 Parthian Tactics
35:18 Capped Ram
36:15 Caravan
37:01 Conscription
38:20 Keep
37:42 Murder Holes
37:33 Arrowslits
38:03 Murder Holes
37:54 Arrowslits
40:17 Bodkin Arrow
40:58 Iron Casting
40:24 Scale Mail Armor
40:40 Leather Archer Armor
40:57 Heavy Cavalry Archer
41:21 Elite Skirmisher
RefreshingH2O
12:09 Feudal Age
13:23 Double-Bit Axe
13:23 Horse Collar
17:08 Castle Age
19:41 Husbandry
21:51 Gold Mining
25:43 Heavy Plow
28:04 Gold Shaft Mining
27:43 Bow Saw
29:10 Ballistas
32:28 Imperial Age
32:42 Fletching
32:58 Scale Barding Armor
33:05 Forging
33:22 Ballistics
35:12 Chemistry
36:30 Heavy Scorpion
40:44 Cavalier
Sugarplum
2:13 Loom
13:15 Feudal Age
14:40 Double-Bit Axe
14:56 Gold Mining
19:07 Stone Mining
21:25 Wheelbarrow
23:53 Castle Age
22:54 Horse Collar
25:03 Bow Saw
25:49 Heavy Plow
29:53 Gold Shaft Mining
29:24 Fletching
29:34 Padded Archer Armor
30:06 Thumb Ring
32:44 Leather Archer Armor
32:25 Bodkin Arrow
33:53 Wheelbarrow
37:25 Ballistics
39:39 Imperial Age
38:57 Stone Shaft Mining
39:07 Hand Cart
39:06 Caravan
42:20 Ring Archer Armor
41:50 Bracer
Hubert
10:40 Feudal Age
11:48 Loom
15:27 Castle Age
13:23 Horse Collar
18:14 Double-Bit Axe
25:38 Bloodlines
26:02 Bow Saw
25:48 Stone Mining
26:23 Scale Barding Armor
26:56 Husbandry
28:34 Forging
32:22 Chain Barding Armor
32:38 Iron Casting
34:51 Wheelbarrow
40:04 Imperial Age
40:23 Cavalier
Connection lost

Rejoining the realm…

Still unreachable

The connection could not be restored.

Session expired

The server has moved on; the page needs a fresh start.